General information
			
			
        
        - name: BNet
 
        - type: Ladder 1vs1/FFA
 
        - host: Battle.net
 
        - saver: GundamPilot
 
        
map: TidewaterGlades 
        - players: 2
 
        - length: 09:15
 
        - speed: Fast
 - version: 1.22 W3XP
 - replay type:  Public
 
» download(37 KB)
Players
        team 1 (winner) 
              
              
GundamPilot (
pink | 112 APM | 1036 actions | 09:15)
              
 2 Demon Hunter 
 1 Mana Burn
 1 Evasion
 1 Keeper of the Grove 
 1 Entangling Roots
 
                » actions 
                
                | Assign group hotkey | 10 |  | 
| Basic commands | 68 |  | 
| Build / train | 30 |  | 
| ESC pressed | 1 |  | 
| Enter build submenu | 14 |  | 
| Enter hero's abilities submenu | 3 |  | 
| Right click | 542 |  | 
| Select / deselect | 264 |  | 
| Select group hotkey | 63 |  | 
| Use ability | 41 |  | 
                1036 total
 » units 
                » buildings
                
                | Altar of Elders | 1 |  | 
| Moon Well | 3 |  | 
| Ancient of War | 3 |  | 
| Hunter's Hall | 1 |  | 
| Ancient Protector | 1 |  | 
| Tree of Ages | 1 |  | 
| Ancient of Lore | 1 |  | 
| Ancient of Wonders | 1 |  | 
                12 total
 » build order
                00:09 Altar of Elders
00:10 Moon Well
01:01 Ancient of War
01:38 Moon Well
03:00 Hunter's Hall
03:03 Ancient of War
03:59 Moon Well
04:50 Ancient Protector
05:18 Tree of Ages
05:41 Ancient of War
07:43 Ancient of Lore
08:14 Ancient of Wonders
 
               team 2 (loser) 
              
              
» 
Quaddeh-McBonus (
red | 131 APM | 1205 actions | 09:13)
              
 2 Mountain King 
 1 Storm Bolt
 1 Bash
 
                » actions 
                
                | Assign group hotkey | 195 |  | 
| Basic commands | 55 |  | 
| Build / train | 39 |  | 
| ESC pressed | 4 |  | 
| Enter build submenu | 21 |  | 
| Enter hero's abilities submenu | 2 |  | 
| Right click | 583 |  | 
| Select / deselect | 151 |  | 
| Select group hotkey | 118 |  | 
| Use ability | 37 |  | 
                1205 total
 » units 
                » buildings
                
                | Altar of Kings | 1 |  | 
| Barracks | 1 |  | 
| Farm | 4 |  | 
| Lumber Mill | 1 |  | 
| Scout Tower | 12 |  | 
| Arcane Vault | 1 |  | 
| Guard Tower | 3 |  | 
| Arcane Tower | 1 |  | 
                24 total
 » build order
                00:06 Altar of Kings
00:12 Barracks
00:19 Farm
00:58 Farm
01:45 Lumber Mill
02:05 Farm
03:23 Scout Tower
03:24 Scout Tower
03:25 Scout Tower
03:49 Arcane Vault
03:52 Scout Tower
04:05 Farm
04:14 Scout Tower
04:15 Scout Tower
04:16 Guard Tower
04:47 Guard Tower
04:58 Arcane Tower
05:00 Scout Tower
05:21 Scout Tower
05:22 Scout Tower
06:35 Scout Tower
06:35 Scout Tower
06:36 Scout Tower
07:03 Guard Tower
» items
                
                | Lesser Clarity Potion | 1 |  | 
| Scroll of Regeneration | 1 |  | 
                2 total
  
                Chat log
          
(08:15 / All) Quaddeh-McBonus: lol
(08:21 / All) Quaddeh-McBonus: the creeps keep killing my footies ont eh way to you
(08:37 / All) Quaddeh-McBonus: gg
(08:38 / All) Quaddeh-McBonus: nj
(08:38 / All) GundamPilot: gg
(08:47 / All) Quaddeh-McBonus: youre the first guy that hasnt worked
(08:49 / All) Quaddeh-McBonus: on
(08:54 / All) GundamPilot: tt.t
(09:08 / All) Quaddeh-McBonus: kickin the MKs ass is the trick I think
(09:12 / All) GundamPilot: the aow
(09:13 / All) Quaddeh-McBonus: nice job